 Dungeon Crawl Stone Soup version 0.21-a0-538-gd16b88a (webtiles) character file.

96 slep the Chopper (level 4, -3/23 HPs)
             Began as a Vine Stalker Gladiator on Dec 16, 2017.
             Slain by a gnoll
             ... wielding a +0 spear
              (4 damage)
             ... on level 3 of the Dungeon.
             The game lasted 00:05:42 (1223 turns).

slep the Chopper (Vine Stalker Gladiator)           Turns: 1223, Time: 00:05:44

Health: -3/23      AC:  4    Str: 17    XL:     4   Next: 67%
Magic:  0/5        EV: 13    Int:  8    God:
Gold:   108        SH:  0    Dex: 16    Spells: 3/3 levels left

rFire    . . .     SeeInvis .   a - +0 war axe
rCold    . . .     Gourm    .   (no shield)
rNeg     . . .     Faith    .   b - +0 leather armour
rPois    .         Spirit   +   c - +0 helmet
rElec    .         Reflect  .   (no cloak)
rCorr    .         Harm     .   (no gloves)
MR       +....                  (no boots)
Stlth    +.........             (no amulet)
HPRegen  0.47/turn              j - ring of protection from magic
MPRegen  0.09/turn              (no ring)

@: no status effects
A: fangs 2, regeneration 1, magic shield, antimagic bite, no potion heal 3, rot
immunity
a: no special abilities


You were on level 3 of the Dungeon.
You were not hungry.

You visited 1 branch of the dungeon, and saw 3 of its levels.

You collected 108 gold pieces.

Inventory:

Hand Weapons
 a - a +0 war axe (weapon)
Missiles
 d - 3 throwing nets (quivered)
 r - 2 exploding tomahawks
Armour
 b - a +0 leather armour (worn)
 c - a +0 helmet (worn)
Jewellery
 j - a ring of protection from magic (left hand)
Scrolls
 e - 4 scrolls of identify {unknown}
 h - 2 scrolls of magic mapping {unknown}
 i - 2 scrolls of remove curse {unknown}
 k - a scroll of enchant weapon {unknown}
 n - a scroll of teleportation {unknown}
Potions
 o - 3 potions of curing {unknown}
 p - a potion of flight {unknown}
 q - a potion of magic {unknown}
 s - a potion of berserk rage {unknown}
Comestibles
 f - 3 bread rations
 g - a royal jelly
 l - a fruit
 m - 3 meat rations
 t - a chunk of flesh


   Skills:
 + Level 2.3 Fighting
 + Level 4.0 Axes
 + Level 2.1 Throwing
 + Level 0.6 Armour
 + Level 2.6 Dodging
 + Level 0.3 Stealth


You had 3 spell levels left.
You didn't know any spells.

Dungeon Overview and Level Annotations

Branches:
Dungeon (3/15)

Altars:
Sif Muna


Innate Abilities, Weirdness & Mutations

You have extremely sharp teeth.
Your natural rate of healing is unusually fast.
When hurt, damage is shared between your health and your magic reserves.
Your bite disrupts and absorbs the magic of your enemies.
Potions cannot restore your health.
You are immune to rotting.


Message History

The gnoll closely misses you. The gnoll hits you with a spear.
The quokka bites you but does no damage.
The gnoll closely misses you.
You closely miss the gnoll. You bite the gnoll. You drain its power.
You feel invigorated.
The gnoll is severely wounded.
You closely miss the gnoll. You closely miss the quokka.
The gnoll hits you with a spear. The quokka barely misses you.
The gnoll hits you!
* * * LOW HITPOINT WARNING * * *
The gnoll hits you with a spear.
* * * LOW HITPOINT WARNING * * *
You hit the gnoll but do no damage. You bite the gnoll. You drain its power.
You feel invigorated.
The gnoll is severely wounded.
You barely miss the quokka.
Your leather armour prevents you from hitting the gnoll.
The quokka bites you but does no damage.
The gnoll completely misses you. The gnoll hits you with a spear.
You die...

#..#####.######.# ..#
..## #..# ##.##... .##
##.## #..#..# ## #..#
#.....# #.## ###..##.#
#.# ###...##..# #.#
#...#.#..######
#.###.###..r......#
#.#...# #.g@g.....# ###
#...### #........%#
..####.####............#
............#...#.######
.......####....##.#
###.##.# #.#.>. ..
#....####...# ###
##..........# #
####..........#.#


You could see 2 gnolls and a quokka.

Vanquished Creatures
  A gnoll (D:3)
  3 adders
  An ooze (D:3)
  3 dart slugs (D:1)
  4 leopard geckos
  3 giant cockroaches
  3 goblins
  6 hobgoblins
  4 jackals (D:1)
  4 bats
  6 frilled lizards
  5 kobolds
  6 rats
49 creatures vanquished.

Notes
Turn   | Place    | Note
-------+----------+-------------------------------------------
     0 | D:1      | slep the Vine Stalker Gladiator began the quest for the Orb.
     0 | D:1      | Reached XP level 1. HP: 11/11 MP: 2/2
   209 | D:1      | Reached skill level 3 in Axes
   219 | D:1      | Reached XP level 2. HP: 13/15 MP: 1/3
   380 | D:1      | Reached XP level 3. HP: 10/18 MP: 2/4
   688 | D:2      | Found a deep blue altar of Sif Muna.
  1026 | D:2      | Gained mutation: Your natural rate of healing is unusually fast. [Vine Stalker growth]
  1026 | D:2      | Reached XP level 4. HP: 22/23 MP: 5/5
  1157 | D:3      | Reached skill level 4 in Axes
  1222 | D:3      | HP: 1/23 [gnoll/spear (3)]
  1223 | D:3      | Slain by a gnoll

Vault maps used:
D:1:      denvon_arrival_waterhouse, grunt_decor_one_mirror
D:2:      led_sif_pool, first_bread

Skill      XL: |  1  2  3  4 |
---------------+-------------+-----
Axes           | 3 4 |  4.0
Throwing       | 2 |  2.1
Fighting       | 2 |  2.3
Armour         | |  0.6
Dodging        | |  2.6
Stealth        | |  0.3

Action                   |  1- 3 |  4- 6 || total
-------------------------+-------+-------++-------
Melee: War axe           |    63 |    49 ||   112
       Bite              |     8 |    12 ||    20
  Eat: Chunk             |       |     1 ||     1
Armor: Leather armour    |    27 |    18 ||    45
Dodge: Dodged            |    55 |    52 ||   107

Table legend:
 A = Spawn XP
 B = Non-spawn XP
 C = Spawn XP percentage of total XP
 D = Spawn monster count
 E = Non-spawn monster count
 F = Spawn count percentage of total count
 G = Total turns spent on level
                    A         B        C        D         E        F      G
               +---------+---------+-------+---------+---------+-------+---------
         Total |       0 |     138 |   0.0 |       0 |      49 |   0.0 |  1223
               +---------+---------+-------+---------+---------+-------+---------
           D:1 |       0 |      43 |   0.0 |       0 |      22 |   0.0 |   643
           D:2 |       0 |      41 |   0.0 |       0 |      10 |   0.0 |   421
           D:3 |       0 |      54 |   0.0 |       0 |      17 |   0.0 |   159
               +---------+---------+-------+---------+---------+-------+---------
